cohdb
Replays
Latest Replays
All Replays
Popular Replays
Top Player Replays
Match Explorer
How It Works
Community
CoH3 Stats
Reddit
Sign in to upload your games and track your stats! →
Sign in with Steam
Match 40420036
Unlisted
Match 40420036
Overview
Messages
Build Orders
End
Vickers Machine Gun Team
Construct Section Command Post
Infantry Section
Infantry Section
Infantry Section
Construct Platoon Command Post
Construct Field Infirmary
Grenade Package
6-pounder Anti-tank Gun Team
Construct Company Command Post
Unlock M3 Grant Medium Tanks
Selects Indian Artillery Battlegroup
Selects Artillery Saturation
Selects Off-map Airburst Barrage
Selects BL5.5 Artillery Emplacement
Royal Engineer Section
M3 Grant Medium Tank
M3 Grant Medium Tank
Armored Vehicle Training
Infantry Training
Enkuiry
LeGrillePain
CosmicSpire
[PBSr]Confident Pwoh
Zoikum
Luft Waffle
Thrusher
TiMMi_ks
0
0
Comments
sign in to comment!
No comments posted yet!